 Dungeon Crawl Stone Soup version 0.17.0-25-gefc9c12 (webtiles) character file.

6991 4thArraOfDagon the Cleaver (level 10, -7/94 HPs)
             Began as a Deep Dwarf Berserker on Nov 18, 2015.
             Was a Follower of Trog.
             Killed from afar by a fire dragon (48 damage)
             ... with a blast of flame
             ... on level 14 of the Dungeon.
             The game lasted 00:15:17 (1600 turns).

4thArraOfDagon the Cleaver (Deep Dwarf Berserker)   Turns: 1600, Time: 00:15:17

Health: -7/94      AC:  7    Str: 28    XL:     10   Next: 81%
Magic:  9/9        EV: 15    Int:  8    God:    Trog [*.....]
Gold:   176        SH:  0    Dex: 12    Spells: 0 memorised, 9 levels left

rFire  . . .     SeeInvis .     n - +3 war axe (venom)
rCold  . . .     Clarity  .     f - +2 leather armour {rPois}
rNeg   . . .     SustAt   .     (no shield)
rPois  +         Gourm    .     (no helmet)
rElec  .         Spirit   .     (no cloak)
rCorr  .         Warding  .     (no gloves)
rMut   .         Stasis   .     a - +0 pair of boots
MR     +....                    (no amulet)
Stlth  +.........               (no ring)
                                e - +4 ring of strength

@: exhausted, non-regenerating, slowed, very slow, somewhat resistant to hostile
enchantments, very unstealthy
A: damage resistance, recharge devices, sense surroundings 2, slow regeneration
3
a: Device Recharging, Berserk, Burn Spellbooks, Renounce Religion


You were on level 14 of the Dungeon.
You worshipped Trog.
Trog was aware of your devotion.
You were very hungry.

You visited 1 branch of the dungeon, and saw 13 of its levels.
You also visited: Bailey.

You collected 176 gold pieces.

Inventory:

Hand Weapons
 n - a +3 war axe of venom (weapon)
Armour
 a - a +0 pair of boots (worn)
 f - a +2 leather armour of poison resistance (worn)
 l - a +0 plate armour
 o - a +0 chain mail
Jewellery
 e - a +4 ring of strength (left hand)
 u - an uncursed ring of protection from magic {unknown}
Wands
 c - a wand of heal wounds (5)
 k - a wand of slowing (20)
Scrolls
 b - 2 scrolls of remove curse
 h - 2 scrolls of teleportation
 j - a scroll of recharging
Potions
 i - a potion of heal wounds {unknown}
 m - a potion of haste {unknown}
 p - a potion of ambrosia
 r - a potion of cancellation {unknown}
 s - a potion of poison {unknown}
 t - a potion of brilliance {unknown}
Comestibles
 d - 4 bread rations
 g - 8 chunks of flesh
 q - 3 fruits


   Skills:
 + Level 7.2 Fighting
 * Level 11.6 Axes
 + Level 8.2 Armour
 - Level 8.1 Dodging
 + Level 5.2 Evocations


You had 9 spell levels left.
You didn't know any spells.

Dungeon Overview and Level Annotations

Branches:
Dungeon (14/15)
 Temple: D:4-7         Lair: D:8-11         Orc: D:9-12      Vaults: D:13-14

Altars:
Makhleb
Xom
Yredelemnul

Shops:
D:8 ::=

Portals:
Trove: D:12 (show abyssal rune of Zot)

Annotations:
D:5 Britaniac's ghost, novice GrFE


Innate Abilities, Weirdness & Mutations

You are resistant to damage.
You can recharge devices by infusing magical energy.
You passively map the area around you.
You do not regenerate naturally.


Message History

The fire dragon misses you. x2
The fire dragon closely misses you.
You completely miss the fire dragon.
The fire dragon is severely wounded.
You hit the fire dragon.
The fire dragon is severely wounded.
The fire dragon bites you. The fire dragon claws you.
The fire dragon closely misses you.
You slash the fire dragon!
The fire dragon is almost dead.
You are no longer berserk.
You are exhausted.
You feel yourself slow down.
You are feeling very hungry.
You barely miss the fire dragon.
The fire dragon is almost dead.
The fire dragon breathes flames at you. The blast of flame hits you!
Ouch! That really hurt!
You die...

*, * *, , ,, , , , * ,* ,, #..
, ,, ,, , , #.# ,,, , ,
#...... , #.# , , ,, ,
#......# #.+, ,, ,, #..(...#
#.# , #......# ,#.# , , , ,
#......#, #.# ,, ####
#......######@# > * .....
#...........†D########+#......
#.............................
#..........###############....
#.....###### * , . #.....# ,
#.....# * #.....# #.....#


You could see a fire dragon.

Vanquished Creatures
  2 centaur warriors
  2 hill giants
  An ugly thing (D:11)
  A cyclops (D:12)
  Joseph (D:7)
  A kobold demonologist (D:11)
  4 slime creatures (D:12)
  A shadow (D:12)
  2 hippogriffs
  A hungry ghost (D:12)
  2 sky beasts
  2 black bears (D:7)
  3 ogres
  3 orc warriors
  4 centaurs
  A big kobold (D:11)
  A giant frog (D:14)
  2 scorpions
  3 wights (D:12)
  A hound (D:7)
  3 orc priests
  A giant frog skeleton (D:11)
  7 orc wizards
  4 worker ants
  A killer bee zombie (D:8)
  A worker ant zombie (D:8)
  An adder (D:8)
  A shadow imp (D:12)
  An adder skeleton (D:7)
  A giant gecko (D:8)
  16 orcs
  A hobgoblin (D:2)
  A goblin (D:2)
  4 kobolds (D:11)
  A quokka (D:11)
  A rat (D:2)
83 creatures vanquished.

Vanquished Creatures (others)
  An orc (D:12)
1 creature vanquished.

Grand Total: 84 creatures vanquished

Notes
Turn   | Place    | Note
--------------------------------------------------------------
     0 | D:1      | 4thArraOfDagon the Deep Dwarf Berserker began the quest for the Orb.
     0 | D:1      | Reached XP level 1. HP: 20/20 MP: 1/1
   140 | D:4      | Noticed a worker ant
   140 | D:4      | Noticed a scorpion
   143 | D:4      | Killed a scorpion
   143 | D:4      | Reached skill level 1 in Evocations
   143 | D:4      | Reached XP level 2. HP: 21/28 MP: 1/3
   143 | D:4      | Reached XP level 3. HP: 25/34 MP: 1/4
   151 | D:4      | Killed a worker ant
   151 | D:4      | Reached skill level 4 in Axes
   151 | D:4      | Reached XP level 4. HP: 29/42 MP: 1/5
   188 | D:5      | Entered Level 5 of the Dungeon
   192 | D:5      | Noticed Britaniac's ghost (novice GrFE)
   217 | D:4      | You fall through a shaft for 3 floors!
   223 | D:7      | Noticed a centaur
   228 | D:7      | Noticed a centaur
   238 | D:7      | Noticed a black bear
   242 | D:7      | Killed a centaur
   242 | D:7      | Reached XP level 5. HP: 20/49 MP: 6/6
   248 | D:7      | Killed a black bear
   248 | D:7      | Reached skill level 5 in Axes
   248 | D:7      | Reached XP level 6. HP: 4/56 MP: 6/8
   268 | D:7      | Noticed a black bear
   280 | D:7      | Found a basalt altar of Yredelemnul.
   284 | D:7      | Noticed Joseph
   301 | D:7      | Killed a black bear
   310 | D:7      | Killed Joseph
   310 | D:7      | Reached skill level 6 in Axes
   310 | D:7      | Reached XP level 7. HP: 64/64 MP: 9/9
   354 | D:7      | Found a burning altar of Makhleb.
   398 | D:8      | Found Tiqa's Book Shoppe.
   408 | D:8      | Found Seiguagyta's Book Shop.
   525 | D:8      | Found Zyoday's Jewellery Emporium.
   540 | D:8      | Reached XP level 8. HP: 72/72 MP: 10/10
   543 | D:8      | Reached ** piety under Trog
   543 | D:8      | Reached skill level 7 in Axes
   641 | D:8      | Found a flagged portal.
   653 | Bailey   | Entered a bailey
   662 | D:8      | Found a shimmering altar of Xom.
   662 | D:8      | Found a shimmering altar of Xom.
   662 | D:8      | Found a shimmering altar of Xom.
   663 | D:8      | Found a shimmering altar of Xom.
   663 | D:8      | Found a shimmering altar of Xom.
   663 | D:8      | Found a shimmering altar of Xom.
   663 | D:8      | Found a shimmering altar of Xom.
   663 | D:8      | Found a shimmering altar of Xom.
   663 | D:8      | Found a shimmering altar of Xom.
   663 | D:8      | Found a shimmering altar of Xom.
   663 | D:8      | Noticed a boulder beetle
   663 | D:8      | Noticed an orb spider
   666 | D:8      | an orb spider changed into a spriggan
   674 | D:8      | Noticed a cyclops
   674 | D:8      | a boulder beetle changed into a cyclops
   702 | D:9      | Reached skill level 5 in Dodging
   746 | D:9      | Reached skill level 5 in Evocations
   758 | D:9      | Reached skill level 5 in Armour
   829 | D:10     | Entered Level 10 of the Dungeon
   829 | D:10     | Noticed a two-headed ogre
   870 | D:11     | Noticed a brown ugly thing
   887 | D:11     | Killed a brown ugly thing
   887 | D:11     | Reached skill level 5 in Fighting
   887 | D:11     | Reached skill level 8 in Axes
   890 | D:11     | Gained mutation: You passively map the area around you. [Deep Dwarf growth]
   890 | D:11     | Reached XP level 9. HP: 70/81 MP: 11/11
  1007 | D:12     | Reached skill level 9 in Axes
  1046 | D:12     | Noticed a cyclops
  1046 | D:12     | Noticed a gargoyle
  1114 | D:12     | Found a portal to a secret trove of treasure.
  1124 | D:12     | Noticed a centaur warrior
  1132 | D:12     | Killed a centaur warrior
  1132 | D:12     | Reached skill level 10 in Axes
  1165 | D:12     | Noticed a cyclops
  1168 | D:12     | Reached XP level 10. HP: 52/91 MP: 12/12
  1176 | D:12     | Killed a cyclops
  1239 | D:12     | Noticed a hill giant
  1250 | D:12     | Killed a hill giant
  1279 | D:11     | Noticed a kobold demonologist
  1284 | D:11     | Noticed a hill giant
  1292 | D:11     | Killed a kobold demonologist
  1300 | D:11     | Killed a hill giant
  1300 | D:11     | Reached skill level 11 in Axes
  1468 | D:13     | Noticed a centaur warrior
  1473 | D:13     | HP: 1/92 [centaur warrior/arrow (19)]
  1489 | D:13     | Killed a centaur warrior
  1552 | D:13     | You fall through a shaft!
  1571 | D:14     | Noticed a fire dragon
  1600 | D:14     | Killed from afar by a fire dragon

Action                   |  1- 3 |  4- 6 |  7- 9 | 10-12 || total
-------------------------+-------+-------+-------+-------++-------
Melee: Hand axe          |    18 |    30 |    51 |       ||    99
       War axe           |       |       |    81 |   102 ||   183
Invok: Berserk           |     1 |     2 |     5 |     5 ||    13
       Trog's Hand       |       |       |     8 |     6 ||    14
 Abil: Device Recharging |       |       |     1 |     3 ||     4
Evoke: Wand              |       |     4 |     7 |    10 ||    21
  Use: Scroll            |       |     1 |     6 |     1 ||     8
       Potion            |       |       |     1 |       ||     1
 Stab: Sleeping          |       |       |     1 |       ||     1
  Eat: Chunk             |       |       |    12 |     7 ||    19
